 Dungeon Crawl Stone Soup version 0.28.0-53-g5a82cb258f (console) character file.

Game seed: 9594678507288845312

215 odiv the Covert (level 3, -2/26 HPs)
             Began as an Octopode Brigand on Aug 11, 2022.
             Was a Priest of Ru.
             Slain by an ufetubus (3 damage)
             ... on level 3 of the Dungeon.
             The game lasted 00:13:32 (2942 turns).

odiv the Covert (Octopode Brigand)                  Turns: 2942, Time: 00:13:32

Health: -2/26      AC:  1    Str: 10    XL:     3   Next: 92%
Magic:  3/3        EV: 13    Int: 13    God:    Ru [***...]
Gold:   164        SH:  0    Dex: 16    Spells: 2/2 levels left

rFire   . . .      SeeInvis .   n - +2 dagger (venom)
rCold   . . .      Faith    .   (no shield)
rNeg    . . .      Spirit   .   (helmet restricted)
rPois   .          Reflect  .   (no amulet)
rElec   .          Harm     .   (no ring)
rCorr   .          Rampage  .   (no ring)
Will    .....                   (no ring)
Stlth   +++++.....              (no ring)
HPRegen 0.08/turn               (no ring)
MPRegen 0.08/turn               (no ring)
                                (no ring)
                                (no ring)

@: brilliant
A: almost no armour, amphibious, 8 rings, camouflage 1, gelatinous body 1, hated
by all, inexperienced 1, (nimble swimmer 1), tentacles
a: Renounce Religion, Draw Out Power


You were on level 3 of the Dungeon.
You worshipped Ru.
Ru was most pleased with you.
You visited 1 branch of the dungeon, and saw 4 of its levels.

You collected 164 gold pieces.

Inventory:

Hand Weapons
 a - a +2 dagger
 e - a +0 long sword
 f - a +0 spear
 n - a +2 dagger of venom (weapon)
Missiles
 b - 7 poisoned darts
 c - 2 curare-tipped darts
 d - 69 stones (quivered)
Wands
 q - a wand of flame (19)
Scrolls
 g - 3 scrolls of amnesia {unknown}
 h - 3 scrolls of identify
 i - a scroll of magic mapping {unknown}
 j - a scroll of fear {unknown}
 l - a scroll of vulnerability {unknown}
 m - a scroll of enchant armour {unknown}
 o - a scroll of fog {unknown}
 p - 2 scrolls of brand weapon {unknown}
 t - a scroll of teleportation {unknown}
Potions
 k - a potion of curing
 s - a potion of heal wounds {unknown}


   Skills:
 + Level 3.6 Fighting
 - Level 2.0 Short Blades
 - Level 2.0 Throwing
 + Level 1.4 Dodging
 + Level 8.4 Stealth


You had 2 spell levels left.
You didn't know any spells.
Your spell library was empty.

Dungeon Overview and Level Annotations

Branches:
Dungeon (4/15)
 Temple: D:4-7

Altars:
Ru
Wu Jian

Annotations:
D:2 exclusion: 4 doors
D:4 exclusion: ogre


Innate Abilities, Weirdness & Mutations

You cannot wear most types of armour.
You are amphibious.
You can wear up to eight rings at the same time.
Your skin changes colour to match your surroundings (Stealth+).
Your rubbery body absorbs attacks. (AC +1, EV +1)
You are hated by all.
You are somewhat inexperienced. (-2 XL)
((You are camouflaged when in or above water. (Stealth+)))
You have tentacles for arms and can constrict up to eight enemies at once.


Message History

The orc barely misses you.
The orc shouts!
You hear a shout!
You barely miss the orc. You grab the orc. You squeeze the orc!
You kill the orc!
You hit the orc but do no damage.
The orc is poisoned.
Your grab misses the orc. Your squeeze misses the orc.
You hit the orc but do no damage. Your grab misses the orc.
The orc is lightly wounded.
The orc hits you with a +0 war axe. The orc hits you with a +0 whip.
You focus your inner power and illuminate the orc in retribution!
The orc hits you with a +0 war axe! The orc hits you with a +0 war axe!
* * * LOW HITPOINT WARNING * * *
Okay, then.
You feel better. The orc hits you with a +0 whip.
* * * LOW HITPOINT WARNING * * *
You focus your inner power and slow the orc in retribution!
The orc completely misses you.
You kill the orc!
Press: ? - help, v - describe, . - travel
Here: an orc, wielding a +0 whip The floor.
There is a stone staircase leading up here.
The ufetubus closely misses you. The ufetubus barely misses you.
The orc misses you. The ufetubus closely misses you. x2
You climb upwards.
There is a stone staircase leading down here.
The ufetubus hits you.
* * * LOW HITPOINT WARNING * * *
The ufetubus closely misses you. The ufetubus hits you.
* * * LOW HITPOINT WARNING * * *
The ufetubus hits you.
* * * LOW HITPOINT WARNING * * *
It was a potion of brilliance.
You feel clever all of a sudden. The ufetubus hits you.
* * * LOW HITPOINT WARNING * * *
The ufetubus misses you. The ufetubus hits you.
You die...

#..........#####.#......
#..............#.#.#.###
#..........###.#.#.#.###
#..........# #.#........
#..........###.#........
####....................
#.>.o................
#..#5######.#####.###
#..#@#..........#.#
#...........###.#.#
##..........# #.#.#
#..........# #.#.#
#.###.####.# #.#.# # #.#
#.# #.# #.#.# # ### #.#
#.# #.# #.#.# # #<# #.#
#.# #.# #.#.### #.#
####.###.# #.# #.#'##.


You could see an orc and an ufetubus.

Vanquished Creatures
  An orc priest (D:3)
  An iguana (D:3)
  A hound skeleton (D:3)
  4 adders
  2 river rats (D:3)
  3 worms
  3 dart slugs
  7 orcs
  5 endoplasms
  3 giant cockroaches
  2 goblins (D:1)
  6 hobgoblins
  5 jackals
  A quokka (D:2)
  3 ball pythons
  4 bats
  5 frilled lizards
  6 kobolds
  6 rats
68 creatures vanquished.

Vanquished Creatures (others)
  An adder (D:3)
1 creature vanquished.

Grand Total: 69 creatures vanquished

Notes
Turn   | Place    | Note
-------+----------+-------------------------------------------
     0 | D:1      | odiv the Octopode Brigand began the quest for the Orb.
     0 | D:1      | Reached XP level 1. HP: 14/14 MP: 1/1
   213 | D:1      | Found a faded altar of an unknown god.
   222 | D:1      | Prayed at the altar of an unknown god.
   222 | D:1      | Became a worshipper of Ru the Awakened
   233 | D:1      | Gained mutation: You are hated by all. [Ru sacrifice]
   233 | D:1      | Reached * piety under Ru
   233 | D:1      | Reached ** piety under Ru
   293 | D:1      | Reached XP level 2. HP: 20/20 MP: 2/2
   808 | D:2      | Reached XP level 3. HP: 26/26 MP: 3/3
  1185 | D:2      | Reached skill level 6 in Stealth
  1718 | D:3      | Found an ornate altar of the Wu Jian Council.
  1838 | D:3      | Reached XP level 4. HP: 27/31 MP: 4/4
  2064 | D:3      | Reached skill level 7 in Stealth
  2200 | D:3      | Reached XP level 5. HP: 35/36 MP: 5/5
  2220 | D:3      | Gained mutation: You are somewhat inexperienced. (-2 XL)
                  | [Ru sacrifice]
  2220 | D:3      | Reached XP level 4. HP: 22/31 MP: 4/4
  2220 | D:3      | Reached XP level 3. HP: 22/26 MP: 3/3
  2220 | D:3      | Reached *** piety under Ru
  2319 | D:3      | Reached skill level 8 in Stealth
  2871 | D:4      | Noticed an ogre
  2922 | D:4      | HP: 1/26 [orc/+0 war axe (8)]
  2942 | D:3      | HP: 1/26 [ufetubus (2)]
  2942 | D:3      | Slain by an ufetubus

Illustrated notes

Levels and vault maps discovered:
D:1:      dpeg_arrival_court, layout_basic, hellmonk_ecumenical_altar_blasted,
          hangedman_decor_peaks_small
D:2:      cheibrodos_greedy_goblins, layout_basic, patterned_corridor
D:3:      layout_basic, amcnicky_altar_gilded, lightli_sewer_entry_pipes
D:4:      layout_cave_pools

Skill      XL: |  1  2  3  4 |
---------------+-------------+-----
Fighting       | 3 |  3.6
Stealth        | 8 7 |  8.4
Short Blades   | |  2.0
Throwing       | |  2.0
Dodging        | |  1.4

Action                   |  1- 3 |  4- 6 || total
-------------------------+-------+-------++-------
Melee: Dagger            |    68 |    24 ||    92
       Tentacles         |    15 |    10 ||    25
       Constrict         |    13 |    10 ||    23
Throw: Stone             |    49 |     1 ||    50
       Dart              |     8 |       ||     8
Invok: Sacrifice Love    |     1 |       ||     1
       Sacrifice Experie |     1 |       ||     1
  Use: Potion            |     2 |       ||     2
       Scroll            |     1 |       ||     1
 Stab: Sleeping          |    19 |     3 ||    22
Armor: Skin              |     2 |     1 ||     3
Dodge: Dodged            |    21 |    11 ||    32
